 Dungeon Crawl Stone Soup version 0.25.0-37-gb73750e0fb (webtiles) character file.

Game seed: 8626655643282140165

1792 Ethylacetat the Spear-Bearer (level 9, -1/61 HPs)
             Began as an Octopode Gladiator on July 9, 2020.
             Slain by an orc wizard
             ... wielding a +0 dagger
              (6 damage)
             ... on level 5 of the Dungeon.
             The game lasted 00:09:59 (5958 turns).

Ethylacetat the Spear-Bearer (Octopode Gladiator)   Turns: 5958, Time: 00:09:59

Health: -1/61      AC:  1    Str: 16    XL:     9   Next: 9%
Magic:  9/9        EV: 15    Int: 10    God:
Gold:   235        SH:  0    Dex: 14    Spells: 8/8 levels left

rFire    . . .     SeeInvis .   v - +4 quarterstaff (chaos)
rCold    . . .     Gourm    .   (shield currently unavailable)
rNeg     . . .     Faith    .   b - +0 hat
rPois    .         Spirit   .   (no amulet)
rElec    .         Reflect  .   (no ring)
rCorr    .         Harm     .   (no ring)
MR       .....                  (no ring)
Stlth    +++++.....             (no ring)
HPRegen  0.20/turn              (no ring)
MPRegen  0.11/turn              (no ring)
                                (no ring)
                                (no ring)

@: lethally poisoned (-1 -> -2)
A: almost no armour, stealthy swim, amphibious, 8 rings, constrict 8, camouflage
1, gelatinous body 1
a: no special abilities


You were on level 5 of the Dungeon.
You were very hungry.

You visited 2 branches of the dungeon, and saw 6 of its levels.

You collected 235 gold pieces.

Inventory:

Hand Weapons
 a - a +0 trident
 v - a +4 quarterstaff of chaos (weapon)
Missiles
 c - 2 throwing nets (quivered)
Armour
 b - a +0 hat (worn)
Scrolls
 e - 2 scrolls of blinking {unknown}
 h - 3 scrolls of teleportation {unknown}
 k - 5 scrolls of remove curse {unknown}
 m - a scroll of fog {unknown}
 n - 4 scrolls of identify {unknown}
 p - 2 scrolls of enchant armour {unknown}
 s - a scroll of enchant weapon {unknown}
 w - a scroll of amnesia {unknown}
Potions
 f - 2 potions of lignification {unknown}
 g - 3 potions of might {unknown}
 i - a potion of mutation {unknown}
 j - 3 potions of curing {unknown}
 l - a potion of haste
 o - a potion of ambrosia {unknown}
 q - a potion of degeneration {unknown}
 r - a potion of cancellation {unknown}
 t - 2 potions of magic {unknown}
 u - 2 potions of flight {unknown}
Comestibles
 d - 9 rations


   Skills:
 + Level 5.4 Fighting
 * Level 8.4 Polearms
 - Level 2.1 Throwing
 - Level 4.0 Dodging
 + Level 8.3 Stealth


You had 8 spell levels left.
You didn't know any spells.
Your spell library contained the following spells:

 Spells                   Type           Power        Failure   Level  Hunger
 Foxfire                  Conj/Fire      #...         36%         1    ##.....
 Conjure Flame            Conj/Fire      #.......     75%         3    ####...
 Inner Flame              Hex/Fire       #.......     75%         3    ####...
 Sticky Flame             Conj/Fire      #.......     98%         4    #####..
 Fireball                 Conj/Fire      #.........   100%        5    ######.


Dungeon Overview and Level Annotations

Branches:
Dungeon (5/15)             Temple (1/1) D:5

Altars:
Ashenzari
Dithmenos
Elyvilon
Fedhas
Gozag
Hepliaklqana
Kikubaaqudgha
Makhleb
Nemelex Xobeh
Okawaru
Qazlal
Ru
Sif Muna
Trog
Uskayaw
Vehumet
Wu Jian
Xom
Yredelemnul
Zin
The Shining One


Innate Abilities, Weirdness & Mutations

You cannot wear most types of armour.
You are very stealthy in the water. (Stealth+)
You are amphibious.
You can wear up to eight rings at the same time.
You can use your tentacles to constrict eight enemies at once.
Your skin changes colour to match your surroundings (Stealth+).
Your rubbery body absorbs attacks. (AC +1, EV +1)


Message History

You feel sick. The orc wizard closely misses you.
Items here: % )) [ ÷ †† The orc wizard casts a spell at you.
You easily resist.
The orc wizard barely misses you.
Items here: % )) [ ÷ †† You hit the orc wizard but do no damage.
The orc wizard goes berserk!
You grab the orc wizard. You squeeze the orc wizard!
The orc wizard is moderately wounded.
You constrict the orc wizard.
You feel sick.
The orc wizard hits you with a +0 dagger.
* * * LOW HITPOINT WARNING * * *
The orc wizard closely misses you.
You release your grip on the orc wizard.
You closely miss the orc wizard. Your grab misses the orc wizard.
You squeeze the orc wizard, but do no damage.
The orc wizard is moderately wounded.
The orc wizard hits you with a +0 dagger.
You die...

#.......#
#.......#
#.......# #.#
#.......# ..#
###....... ###
.....W> ...
#.§.# ### #o#
#@# ########.#
#........#
##.########
##...##
##.#.#.##
######.##.##.##
..........###.#
..####.#####.##


You could see a phantom and an orc wizard (berserk).

Vanquished Creatures
  Pikel (D:5)
  Grinder (D:3)
  A naga (D:4)
  An orc warrior (D:4)
  A slave (D:5)
  An ogre (D:4)
  A crimson imp (D:5)
  2 hounds (D:4)
  Crazy Yiuf (D:3)
  4 orc priests (D:4)
  An iguana (D:4)
  2 bullfrog skeletons
  Jessica (D:3)
  5 worker ants
  Natasha (thrice) (D:3)
  3 orc wizards
  A hound skeleton (D:4)
  12 adders
  2 worms
  4 dart slugs
  4 leopard geckos
  15 orcs
  4 giant cockroaches (D:3)
  10 goblins
  6 hobgoblins
  6 jackals
  4 quokkas
  A ball python skeleton (D:4)
  5 bats
  2 frilled lizards (D:3)
  A jackal skeleton (D:5)
  18 kobolds
  11 rats
  A bush (D:3)
136 creatures vanquished.

Vanquished Creatures (others)
  An orc wizard (D:4)
1 creature vanquished.

Grand Total: 137 creatures vanquished

Notes
Turn   | Place    | Note
-------+----------+-------------------------------------------
     0 | D:1      | Ethylacetat the Octopode Gladiator began the quest for the
                  | Orb.
     0 | D:1      | Reached XP level 1. HP: 14/14 MP: 1/1
     3 | D:1      | Noticed an electric eel
     3 | D:1      | Noticed an electric eel
   141 | D:1      | Reached XP level 2. HP: 19/19 MP: 2/2
   617 | D:1      | Reached XP level 3. HP: 16/24 MP: 3/3
   981 | D:2      | Found a hazy altar of Hepliaklqana.
  1008 | D:2      | Reached skill level 1 in Stealth
  1077 | D:2      | Reached XP level 4. HP: 30/30 MP: 4/4
  1608 | D:2      | Found a faded altar of an unknown god.
  1612 | D:2      | Reached XP level 5. HP: 35/35 MP: 5/5
  1703 | D:2      | Found an opulent altar of Gozag.
  1987 | D:3      | Noticed Natasha
  1994 | D:3      | Killed Natasha
  1999 | D:3      | Noticed Natasha
  2006 | D:3      | Killed Natasha
  2466 | D:3      | Reached XP level 6. HP: 41/41 MP: 6/6
  2672 | D:3      | Noticed Grinder
  2682 | D:3      | Killed Grinder
  2682 | D:3      | Reached skill level 5 in Polearms
  2682 | D:3      | Reached skill level 5 in Stealth
  2682 | D:3      | Reached XP level 7. HP: 17/46 MP: 7/7
  2942 | D:3      | Noticed Natasha
  2955 | D:3      | Killed Natasha
  3224 | D:3      | Noticed Jessica
  3235 | D:3      | Killed Jessica
  3589 | D:3      | Found a runed translucent door.
  3590 | D:3      | Noticed Crazy Yiuf
  3597 | D:3      | Killed Crazy Yiuf
  4180 | D:4      | Reached XP level 8. HP: 54/54 MP: 8/8
  4460 | D:4      | Found an ancient bone altar of Kikubaaqudgha.
  5156 | D:5      | Entered Level 5 of the Dungeon
  5159 | D:5      | Found a staircase to the Ecumenical Temple.
  5172 | Temple   | Entered the Ecumenical Temple
  5205 | Temple   | Became a worshipper of the Shining One
  5475 | D:5      | Was placed under penance by the Shining One
  5606 | D:5      | Noticed Pikel
  5617 | D:5      | Fell from the grace of the Shining One
  5617 | D:5      | Killed Pikel
  5617 | D:5      | Reached skill level 5 in Fighting
  5617 | D:5      | Reached XP level 9. HP: 23/61 MP: 9/9
  5958 | D:5      | Slain by an orc wizard

Illustrated notes

Levels and vault maps discovered:
D:1:      arrival_aquarium_b, layout_basic
D:2:      layout_basic, nicolae_overflow_crystal_walls, lemuel_crystal_altar,
          chequers_ecumenical_altar_lobes
D:3:      layout_basic, uniq_natasha, uniq_grinder, uniq_jessica,
          uniq_crazy_yiuf_cottage
D:4:      layout_loops_corners, old_standard_altar, first_ration,
          kennysheep_dice
D:5:      layout_loops_ring, minmay_temple_entry_offerings, minmay_shop_damaged,
          grunt_tough_drop, uniq_pikel
Temple:   dpeg_five_rooms_temple

Skill      XL: |  1  2  3  4  5  6  7  8 |
---------------+-------------------------+-----
Stealth        | 1 2 4 5 6 8 |  8.3
Polearms       | 4 5 6 8 |  8.4
Fighting       | 3 4 5 |  5.4
Dodging        | 4 |  4.0
Throwing       | |  2.1

Action                   |  1- 3 |  4- 6 |  7- 9 || total
-------------------------+-------+-------+-------++-------
Melee: Trident           |    71 |   113 |    84 ||   268
       Constrict         |    15 |    24 |    32 ||    71
       Tentacles         |     7 |    18 |    48 ||    73
       Quarterstaff      |       |       |   101 ||   101
Throw: Throwing net      |       |       |     1 ||     1
 Stab: Sleeping          |     4 |    11 |    13 ||    28
       Distracted        |       |     2 |       ||     2
       Held in net/web   |       |       |     1 ||     1
       Petrifying        |       |       |     2 ||     2
  Eat: Chunk             |     1 |     5 |     9 ||    15
Armor: Skin              |     2 |     1 |     6 ||     9
Dodge: Dodged            |    24 |    59 |    61 ||   144
